 Dungeon Crawl Stone Soup version 0.21-a0-508-gf08a75f (webtiles) character file.

84 Dawnplanks the Skirmisher (level 4, 0/35 HPs)
             Began as a Demonspawn Abyssal Knight on Nov 28, 2017.
             Was a Believer of Lugonu.
             Succumbed to an adder's poison
             ... on level 2 of the Dungeon.
             The game lasted 00:04:06 (2327 turns).

Dawnplanks the Skirmisher (DsAK)                    Turns: 2327, Time: 00:04:06

Health: 0/35       AC:  3    Str: 11 (14) XL:     4   Next: 23%
Magic:  6/6        EV: 11    Int: 11 (13) God:    Lugonu [**....]
Gold:   149        SH:  0    Dex:  9 (12) Spells: 3/3 levels left

rFire    . . .     SeeInvis .   a - +1 mace
rCold    . . .     Gourm    .   (no shield)
rNeg     . . .     Faith    .   b - +0 leather armour
rPois    .         Spirit   .   (no helmet)
rElec    .         Reflect  .   (no cloak)
rCorr    .         Harm     .   (no gloves)
MR       .....                  (no boots)
Stlth    +.........             (no amulet)
HPRegen  0.11/turn              (no ring)
MPRegen  0.10/turn              (no ring)

@: lethally poisoned (0 -> -9)
A: demonic guardian 1
a: Depart the Abyss, Bend Space, Renounce Religion


You were on level 2 of the Dungeon.
You worshipped Lugonu.
Lugonu was pleased with you.
You were hungry.

You visited 1 branch of the dungeon, and saw 2 of its levels.
You visited the Abyss 1 time.

You collected 149 gold pieces.

Inventory:

Hand Weapons
 a - a +1 mace (weapon)
Missiles
 d - 33 stones (quivered)
Armour
 b - a +0 leather armour (worn)
Scrolls
 e - 4 scrolls of identify {unknown}
 h - 2 scrolls of teleportation {unknown}
Potions
 f - a potion of mutation {unknown}
 i - a potion of magic {unknown}
 j - a potion of invisibility {unknown}
 k - a potion of haste {unknown}
Comestibles
 c - 4 bread rations


   Skills:
 * Level 3.5 Fighting
 * Level 2.6 Maces & Flails
 * Level 2.3 Armour
 * Level 1.3 Dodging
 * Level 3.4 Invocations


You had 3 spell levels left.
You didn't know any spells.

Dungeon Overview and Level Annotations

Branches:
Dungeon (2/15)

Altars:


Innate Abilities, Weirdness & Mutations

A weak demonic guardian rushes to your aid.


Message History

You feel sick. The kobold barely misses you. The kobold hits you with a dagger.
* * * LOW HITPOINT WARNING * * *
You hit the kobold.
The kobold is moderately wounded.
* * * LOW HITPOINT WARNING * * *
You feel sick. The kobold barely misses you.
You completely miss the kobold.
The kobold is moderately wounded.
* * * LOW HITPOINT WARNING * * *
You feel sick. The kobold hits you but does no damage.
You hit the kobold.
You kill the kobold!
Lugonu accepts your kill.
* * * LOW HITPOINT WARNING * * *
You feel sick.
There is a lethal amount of poison in your body!
It was a potion of degeneration.
There was something very wrong with that liquid.
You feel weakened.
You feel dopey.
You feel clumsy.
You die...

#.#.#####..######.#####.#
#.......................#
###.#####.(######.#######
#..<.....# ### ########.#
#.# #.# #(# #@#######
#)....... ..S........<.##
#........###.# #.###.....
# #....## # #.#.## #
..... # ####.#


There were no monsters in sight!

Vanquished Creatures
  An adder (D:2)
  2 oozes
  A worm (D:2)
  2 dart slugs
  A leopard gecko (D:1)
  5 giant cockroaches
  8 goblins
  7 hobgoblins
  2 jackals (D:1)
  6 kobolds
  A quokka (D:1)
  6 bats
  7 frilled lizards
  7 rats
56 creatures vanquished.

Notes
Turn   | Place    | Note
-------+----------+-------------------------------------------
     0 | Abyss:1  | Dawnplanks the Demonspawn Abyssal Knight began the quest for the Orb.
     0 | Abyss:1  | Reached XP level 1. HP: 18/18 MP: 2/2
    59 | Abyss:1  | Noticed a wretched star
    59 | D:1      | Escaped the Abyss
   112 | D:1      | Reached * piety under Lugonu
   120 | D:1      | Reached skill level 1 in Dodging
   172 | D:1      | Gained mutation: A weak demonic guardian rushes to your aid. [demonic ancestry]
   172 | D:1      | Reached XP level 2. HP: 19/24 MP: 3/3
   624 | D:1      | Reached XP level 3. HP: 20/29 MP: 5/5
  1936 | D:2      | Reached ** piety under Lugonu
  2135 | D:2      | Reached XP level 4. HP: 27/35 MP: 6/6
  2325 | D:2      | HP: 1/35 [poisoned by an adder]
  2327 | D:2      | Succumbed to an adder's poison

Vault maps used:
D:1:      onia_arrival_larder, minmay_tetromino_t4
D:2:      lemuel_upstairs_altar, lemuel_crystal_altar, first_bread

Skill      XL: |  1  2 |
---------------+-------+-----
Dodging        | 1 |  1.3
Armour         | 2 |  2.3
Maces & Flails | 2 |  2.6
Invocations    | 3 |  3.4
Fighting       | |  3.5

Action                   |  1- 3 |  4- 6 || total
-------------------------+-------+-------++-------
Melee: Mace              |   147 |    26 ||   173
Throw: Stone             |     3 |       ||     3
Invok: Depart the Abyss  |     1 |       ||     1
  Use: Potion            |       |     1 ||     1
  Eat: Chunk             |     4 |       ||     4
Armor: Leather armour    |    44 |     7 ||    51
Dodge: Dodged            |   120 |    14 ||   134

Table legend:
 A = Spawn XP
 B = Non-spawn XP
 C = Spawn XP percentage of total XP
 D = Spawn monster count
 E = Non-spawn monster count
 F = Spawn count percentage of total count
 G = Total turns spent on level
                    A         B        C        D         E        F      G
               +---------+---------+-------+---------+---------+-------+---------
         Total |       0 |     120 |   0.0 |       0 |      56 |   0.0 |  2327
               +---------+---------+-------+---------+---------+-------+---------
           D:1 |       0 |      73 |   0.0 |       0 |      41 |   0.0 |  1635
           D:2 |       0 |      47 |   0.0 |       0 |      15 |   0.0 |   633
               +---------+---------+-------+---------+---------+-------+---------
